 Dungeon Crawl Stone Soup version 0.24-a0-264-gf46a388 (console) character file.

Game seed: 16515857426613651002

1414 Voker57 the Fighter (level 8, -5/68 HPs)
             Began as a Demonspawn Monk on Apr 20, 2019.
             Slain by an ice beast (13 damage)
             ... on level 6 of the Dungeon.
             The game lasted 00:09:34 (5715 turns).

Voker57 the Fighter (Demonspawn Monk)               Turns: 5715, Time: 00:09:35

Health: -5/68      AC:  5    Str: 11    XL:     8   Next: 43%
Magic:  8/8        EV: 24    Int: 13    God:
Gold:   306        SH:  0    Dex: 22    Spells: 7/7 levels left

rFire    + . .     SeeInvis .   a - +0 halberd
rCold    . . .     Gourm    .   (shield currently unavailable)
rNeg     . . .     Faith    .   g - +0 robe
rPois    .         Spirit   .   (no helmet)
rElec    .         Reflect  .   d - +0 cloak
rCorr    .         Harm     .   (no gloves)
MR       .....                  (no boots)
Stlth    +++.......             (no amulet)
HPRegen  0.21/turn              (no ring)
MPRegen  0.11/turn              (no ring)

@: agile
A: talons 1, slimy green scales 1, fire resistance 1, powered by pain 2
a: no special abilities


You were on level 6 of the Dungeon.
You were hungry.

You visited 1 branch of the dungeon, and saw 6 of its levels.

You collected 306 gold pieces.

Inventory:

Hand Weapons
 a - a +0 halberd (weapon)
 b - a +2 dagger of venom
 u - a +0 falchion
 A - a +0 flail of protection
Armour
 d - a +0 cloak (worn)
 g - a +0 robe (worn)
Jewellery
 e - an uncursed ring of stealth {unknown}
 m - a cursed ring of teleportation {unknown}
 v - an uncursed ring of protection from cold {unknown}
Wands
 p - a wand of disintegration (8)
 C - a wand of paralysis (8)
 E - a wand of flame (17)
Scrolls
 f - 3 scrolls of noise {unknown}
 l - 4 scrolls of amnesia {unknown}
 n - 5 scrolls of identify {unknown}
 q - 2 scrolls of teleportation {unknown}
 s - 3 scrolls of remove curse {unknown}
 w - 2 scrolls of fear {unknown}
 y - a scroll of vulnerability {unknown}
Potions
 h - 3 potions of flight
 i - a potion of mutation {unknown}
 j - 2 potions of might {unknown}
 k - a potion of heal wounds {unknown}
 o - a potion of ambrosia {unknown}
 r - 3 potions of magic {unknown}
 t - a potion of brilliance {unknown}
 x - a potion of invisibility {unknown}
 z - a potion of curing
 B - 2 potions of degeneration {unknown}
Comestibles
 c - 9 rations
 D - 2 chunks of flesh


   Skills:
 + Level 8.0 Fighting
 - Level 2.6 Long Blades
 + Level 7.3 Dodging
 - Level 1.7 Stealth


You had 7 spell levels left.
You didn't know any spells.
Your spell library contained the following spells:

 Spells                   Type           Power        Failure   Level  Hunger
 Shock                    Conj/Air       #...         30%         1    ##.....
 Swiftness                Chrm/Air       #.......     43%         2    ###....
 Static Discharge         Conj/Air       #.......     67%         3    ####...
 Airstrike                Air            #.........   97%         4    #####..
 Lightning Bolt           Conj/Air       #.........   100%        5    ######.


Dungeon Overview and Level Annotations

Branches:
Dungeon (6/15)             Temple (0/1) D:6

Altars:
Gozag
Hepliaklqana
Makhleb
Nemelex Xobeh
Qazlal
Ru
Trog
Uskayaw
Zin

Shops:
D:5 (


Innate Abilities, Weirdness & Mutations

You have sharp toenails.
You are partially covered in slimy green scales. (AC +2)
Your flesh is heat resistant. (rF+)
You sometimes gain power by taking damage.


Message History

Your Fighting skill increases to level 8!
The ice beast hits you but does no damage.
Attack whom?
Press: ? - help, Dir - move target cursor, f - ice beast
Aim: an ice beast (heavily wounded)
You hit the ice beast but do no damage. Your kick misses the ice beast.
The ice beast is heavily wounded.
The ice beast hits you. The ice beast freezes you!
You focus on the pain.
You feel agile all of a sudden. The ice beast completely misses you.
You barely miss the ice beast. You claw the ice beast.
The ice beast is heavily wounded.
The ice beast hits you. The ice beast freezes you!
* * * LOW HITPOINT WARNING * * *
You hit the ice beast but do no damage. You claw the ice beast.
The ice beast is heavily wounded.
The ice beast hits you.
* * * LOW HITPOINT WARNING * * *
The ice beast freezes you!
You die...

#.# ######## #.###......###
#......#......
#.##.######...
#.##...#..#... ##########
#.##<..#^.#.##
.........#####.##......+..#
.........Y@...........#####
.........######........+
.........# #.....#..#
.........# #.....#..# .
.........# #...###### ..
.......##> ...... ..
....... . #####... ##
######. .# #...# # ####.


You could see an ice beast.

Vanquished Creatures
  Grinder (D:3)
  An ogre (D:5)
  2 phantoms (D:4)
  2 centaurs
  A scorpion (D:3)
  A water moccasin skeleton (D:5)
  A crimson imp (D:5)
  A hound (D:6)
  2 jellies
  4 orc priests
  2 orc wizards
  A bullfrog skeleton (D:5)
  Terence (D:3)
  Ijyb (D:5)
  5 worker ants
  A hound skeleton (D:4)
  A worker ant zombie (D:6)
  9 adders
  3 worms
  A dart slug (D:2)
  4 leopard geckos
  20 orcs
  10 bats
  7 giant cockroaches
  10 hobgoblins
  12 jackals
  A quokka (D:5)
  2 ball pythons
  8 frilled lizards
  2 goblins
  A jackal zombie (D:2)
  A leopard gecko skeleton (D:6)
  12 rats
131 creatures vanquished.

Notes
Turn   | Place    | Note
-------+----------+-------------------------------------------
     0 | D:1      | Voker57 the Demonspawn Monk began the quest for the Orb.
     0 | D:1      | Reached XP level 1. HP: 18/18 MP: 1/1
    70 | D:1      | Gained mutation: Your flesh is heat resistant. (rF+)
                  | [demonic ancestry]
    70 | D:1      | Reached XP level 2. HP: 12/24 MP: 2/2
   505 | D:1      | Gained mutation: You sometimes gain a little power by
                  | taking damage. [demonic ancestry]
   505 | D:1      | Reached XP level 3. HP: 8/29 MP: 3/3
   869 | D:1      | Found a sparkling altar of Nemelex Xobeh.
  1377 | D:2      | Reached skill level 4 in Fighting
  1460 | D:2      | Found a glowing silver altar of Zin.
  1646 | D:2      | Gained mutation: You have sharp toenails. [demonic
                  | ancestry]
  1646 | D:2      | Reached XP level 4. HP: 36/37 MP: 4/4
  1937 | D:2      | Found a bloodstained altar of Trog.
  2023 | D:2      | Found a hazy altar of Hepliaklqana.
  2023 | D:2      | Found an opulent altar of Gozag.
  2025 | D:2      | Found a stormy altar of Qazlal.
  2199 | D:3      | Noticed Terence
  2438 | D:3      | Gained mutation: You are partially covered in slimy green
                  | scales. (AC +2) [demonic ancestry]
  2438 | D:3      | Reached XP level 5. HP: 37/43 MP: 5/5
  2622 | D:3      | Noticed Grinder
  2627 | D:3      | Paralysed by Grinder for 6 turns
  2642 | D:3      | Killed Grinder
  2642 | D:3      | Reached skill level 5 in Fighting
  2642 | D:3      | Reached skill level 5 in Dodging
  2642 | D:3      | Reached XP level 6. HP: 18/51 MP: 6/6
  2888 | D:3      | Killed Terence
  3196 | D:4      | Found a hide-covered altar of Uskayaw.
  3337 | D:4      | Reached skill level 6 in Fighting
  3365 | D:4      | Gained mutation: You sometimes gain power by taking damage.
                  | [demonic ancestry]
  3365 | D:4      | Reached XP level 7. HP: 36/58 MP: 7/7
  3990 | D:4      | Found a burning altar of Makhleb.
  3990 | D:4      | Noticed an Executioner
  4270 | D:5      | Entered Level 5 of the Dungeon
  4339 | D:5      | Reached skill level 7 in Fighting
  4366 | D:5      | Found Budeoxt's Antique Weapon Shop.
  4412 | D:5      | Reached XP level 8. HP: 36/67 MP: 8/8
  5323 | D:5      | Noticed Ijyb
  5332 | D:5      | Paralysed by Ijyb for 4 turns
  5340 | D:5      | Killed Ijyb
  5550 | D:6      | Found a sacrificial altar of Ru.
  5551 | D:6      | Found a staircase to the Ecumenical Temple.
  5712 | D:6      | Reached skill level 8 in Fighting
  5715 | D:6      | Slain by an ice beast

Levels and vault maps discovered:
D:1:      minmay_arrival_four_houses, layout_basic, nemelex_diamond_rough_becter
D:2:      minmay_angry_zag, layout_loops_ring, minitemple, zin_academy
D:3:      layout_loops_ring, first_ration, uniq_terence, uniq_grinder
D:4:      minmay_chambers_of_threes, layout_loops_ring,
          makhleb_altar_promises_db, eat_drink_and_be_merry_uskayaw
D:5:      layout_basic, serial_shops, nicolae_shop_trees, grunt_ministairs_10,
          uniq_ijyb
D:6:      kennysheep_kobold_camp, layout_basic, hangedman_ru_absence,
          minmay_temple_entry_drinking_statues

Skill      XL: |  1  2  3  4  5  6  7  8 |
---------------+-------------------------+-----
Dodging        | 3 4 5 6 7 |  7.3
Fighting       | 4 5 6 7 8 |  8.0
Long Blades    | |  2.6
Stealth        | |  1.7

Action                   |  1- 3 |  4- 6 |  7- 9 || total
-------------------------+-------+-------+-------++-------
Melee: Falchion          |   122 |    89 |       ||   211
       Kick              |       |    52 |    62 ||   114
       Flail             |       |    66 |    96 ||   162
       Halberd           |       |       |   109 ||   109
Evoke: Wand              |       |     7 |       ||     7
  Use: Potion            |       |     4 |     1 ||     5
 Stab: Sleeping          |     5 |     1 |     7 ||    13
  Eat: Chunk             |     3 |     2 |     4 ||     9
       Ration            |       |     1 |     1 ||     2
Armor: Robe              |    14 |    34 |    70 ||   118
Dodge: Dodged            |   100 |   129 |   237 ||   466
       Rpst.: Falchion   |    44 |    28 |       ||    72

Table legend:
 A = Non-vault XP
 B = Vault XP
 C = Vault XP percentage of total XP
 D = Non-vault monster count
 E = Vault monster count
 F = Vault count percentage of total count
                 A         B        C        D         E       F
            +---------+---------+-------+---------+---------+-------
      Total |    1605 |     416 |  20.6 |     118 |      13 |   9.9
            +---------+---------+-------+---------+---------+-------
        D:1 |      47 |       0 |   0.0 |      29 |       0 |   0.0
        D:2 |      67 |       6 |   8.2 |      15 |       4 |  21.1
        D:3 |     225 |     298 |  57.0 |      29 |       2 |   6.5
        D:4 |     466 |      74 |  13.7 |      15 |       5 |  25.0
        D:5 |     586 |      38 |   6.1 |      24 |       2 |   7.7
        D:6 |     214 |       0 |   0.0 |       6 |       0 |   0.0
            +---------+---------+-------+---------+---------+-------
